 Dungeon Crawl Stone Soup version 0.31-a0-955-gcb8bc90ed4 (webtiles) character file.

Game seed: 11847722128806072476

9 BinkBink the Conjurer (level 2, -2/17 HPs)
             Began as an Octopode Conjurer on Oct 22, 2023.
             Slain by a quokka (4 damage)
             ... on level 1 of the Dungeon.
             The game lasted 00:01:18 (311 turns).

BinkBink the Conjurer (Octopode Conjurer)            Turns: 311, Time: 00:01:19

Health: -2/17      AC:  1    Str:  6    XL:     2   Next: 12%
Magic:  5/5        EV:  5    Int: 20    God:
Gold:   24         SH: 10    Dex: 10    Spells: 4/5 levels left

rFire   . . .        d - staff of conjuration
rCold   . . .        f - +0 tower shield
rNeg    . . .        (helmet restricted)
rPois   .            (no amulet)
rElec   .            (no ring)
rCorr   .            (no ring)
SInv    .            (no ring)
Will    .....        (no ring)
Stlth   +++          (no ring)
HPRegen 0.22/turn    (no ring)
MPRegen 0.09/turn    (no ring)
                     (no ring)

%: no passive effects
@: no status effects
A: almost no armour, amphibious, 8 rings, camouflage 1, gelatinous body 1,
(nimble swimmer 1), tentacles
a: no special abilities


You were on level 1 of the Dungeon.
You visited 1 branch of the dungeon, and saw 1 of its levels.

You collected 24 gold pieces.

Inventory:

Armour
 f - a +0 tower shield (worn)
Magical Staves
 d - a staff of conjuration (weapon)
Scrolls
 b - a scroll of identify {unknown}
 c - a scroll of teleportation {unknown}
 g - a scroll of fog {unknown}
Potions
 a - a potion of magic
 e - a potion of heal wounds {unknown}


   Skills:
 + Level 2.0 Dodging
 - Level 2.6 Stealth
 + Level 0.0 Shields
 + Level 2.2 Spellcasting
 + Level 4.2 Conjurations
 + Level 0.5 Evocations


You had 4 spell levels left.
You knew the following spells:

 Your Spells              Type           Power      Damage    Failure   Level
a - Magic Dart            Conj           100%       1d8       99%         1

Your spell library contained the following spells:

 Spells                   Type           Power      Damage    Failure   Level
 Searing Ray              Conj           56%        2d6       100%        2
 Dazzling Flash           Conj/Hex       32%        N/A       100%        3
 Fulminant Prism          Conj/Hex       8%         3d7       100%        4
 Iskenderun's Mystic Bla  Conj/Tloc      16%        2d5       100%        4


Dungeon Overview and Level Annotations

Branches:
Dungeon (1/15)

Altars:


Innate Abilities, Weirdness & Mutations

You cannot wear most types of armour.
You are amphibious.
You can wear up to eight rings at the same time.
Your skin changes colour to match your surroundings (Stealth+).
Your rubbery body absorbs attacks. (AC +1, EV +1)
((You are camouflaged when in or above water. (Stealth+)))
You have tentacles for arms and can constrict up to eight enemies at once.


Message History

You finish putting on your +0 tower shield.
g - a scroll labelled CISIUCWOUTT You now have 16 gold pieces (gained 10).
You now have 24 gold pieces (gained 8).
Found a robe.
A ball python comes into view.
A ball python is nearby!
A rat comes into view.
A goblin comes into view. It is wielding a +0 dagger.
Found a storm talisman.
You block the ball python's attack. The ball python grabs you.
The ball python constricts you. You block the ball python's attack.
The ball python constricts you.
You barely miss the ball python. Your grab misses the ball python.
The ball python bites you. The ball python constricts you.
The ball python bites you. The ball python constricts you.
You hit the ball python.
You kill the ball python!
A giant cockroach comes into view.
A kobold and a quokka come into view.
The rat bites you.
You hit the rat but do no damage. Your grab misses the rat.
The rat bites you. x2
You are too injured to fight recklessly!
You are too injured to fight recklessly!
You are too injured to fight recklessly!
The rat attacks as it pursues you! You block the rat's attack.
You hit the rat. Your grab misses the rat.
The rat is moderately wounded.
The rat barely misses you. The rat bites you.
* * * LOW HITPOINT WARNING * * *
You barely miss the rat. You grab the rat.
The rat is moderately wounded.
You constrict the rat, but do no damage.
The rat bites you.
* * * LOW HITPOINT WARNING * * *
You block the rat's attack.
You hit the rat.
You kill the rat!
The quokka bites you.
You die...

.##..##..#...##### #..#
############>.## #.##
..#########....# ##.#
#...........##...# #..#
#.........######.# #.##
#.............##.#####.#
#############†.#.......#
# ##.####....#### #
#..@r.......... #
#####.#####..#. #...#
#.g. #...r..r.....%
.......#### ##.
.......#.# .B.....#...#
###..####... ### .K#.


You could see a quokka.

Vanquished Creatures
  A dart slug (D:1)
  A giant cockroach (D:1)
  A hobgoblin (D:1)
  A kobold (D:1)
  2 ball pythons (D:1)
  A bat (D:1)
  A rat (D:1)
8 creatures vanquished.

Notes
Turn   | Place    | Note
-------+----------+-------------------------------------------
     0 | D:1      | BinkBink the Octopode Conjurer began the quest for the Orb.
     0 | D:1      | Reached XP level 1. HP: 11/11 MP: 3/3
   210 | D:1      | Reached XP level 2. HP: 17/17 MP: 5/5
   311 | D:1      | Slain by a quokka

Illustrated notes

Levels and vault maps discovered:
D:1:      amcnicky_arrival_underground_garden, layout_rooms, st_stairs_6,
          minmay_misc_feat_ornament, dreamdust_princess_corridor,
          minmay_misc_feat_enclosed

Action                     || total
---------------------------++-------
  Melee: Staff             ||    16
         Constrict         ||     3
   Cast: Magic Dart        ||     5
   Stab: Sleeping          ||     2
 Armour: Skin              ||    13
  Dodge: Dodged            ||    10
  Block: Tower shield      ||     4

Table legend: (Time is in decaauts)
 A = Elapsed time spent in this place.
 B = Non-inter-level travel time spent in this place.
 C = Inter-level travel time spent in this place.
 D = Time resting spent in this place.
 E = Time spent auto-exploring this place.
 F = Levels seen in this place.
 G = Mean time per level.
                   A        B        C        D        E       F      G
               +--------+--------+--------+--------+--------+-----+--------+
         Total |    317 |    317 |      0 |      0 |    222 |   1 |  317.0 |
       Dungeon |    317 |    317 |      0 |      0 |    222 |   1 |  317.0 |
               +--------+--------+--------+--------+--------+-----+--------+

Top non-repeatable levels by time:
     D:1: 317 daAuts
